 Dungeon Crawl Stone Soup version 0.17-a0-1128-gb802298 (webtiles) character file.

3826 AnnoyedKobold the Spry (level 9, -6/46 HPs)
             Began as a Spriggan Assassin on May 24, 2015.
             Was a Believer of Dithmenos.
             Mangled by a slime creature (17 damage)
             ... on level 9 of the Dungeon.
             The game lasted 00:51:29 (12698 turns).

AnnoyedKobold the Spry (Spriggan Assassin)         Turns: 12698, Time: 00:51:29

Health: -6/46      AC:  3    Str:  7    XL:     9   Next: 97%
Magic:  10/10      EV: 33    Int: 12    God:    Dithmenos [**....]
Gold:   321        SH:  9    Dex: 21    Spells: 1 memorised, 7 levels left

rFire  . . .     SeeInvis +     a - +2 dagger
rCold  . . .     Clarity  .     c - +0 robe
rNeg   . . .     SustAt   .     j - +3 buckler
rPois  .         Gourm    .     (helmet restricted)
rElec  .         Spirit   .     d - +0 cloak
rCorr  .         Warding  .     (gloves unavailable)
rMut   .         Stasis   .     (boots unavailable)
MR     +....                    (no amulet)
Stlth  +++++++++.               (no ring)
                                o - ring of wizardry

@: wreathed by umbra, very quick, somewhat resistant to hostile enchantments,
incredibly stealthy
A: unfitting armour, horns 1, see invisible, herbivore 3, speed 3, robust 1,
slow healing 1, slow metabolism 2
a: Shadow Step, Renounce Religion


You were on level 9 of the Dungeon.
You worshipped Dithmenos.
Dithmenos was pleased with you.
You were not hungry.

You visited 1 branch of the dungeon, and saw 9 of its levels.
You also visited: Ossuary.

You collected 411 gold pieces.
You spent 90 gold pieces at shops.

Inventory:

Hand weapons
 a - a +2 dagger (weapon)
 b - a +0 blowgun
 J - a +2 dagger of speed
Missiles
 e - 19 poisoned needles
 f - 2 curare-tipped needles
Armour
 c - a +0 robe (worn)
 d - a +0 cloak (worn)
 j - a +3 buckler (worn)
Jewellery
 o - a ring of wizardry (left hand)
 B - an uncursed ring of magical power
Magical devices
 v - a wand of enslavement (13)
Scrolls
 h - a scroll of recharging
 i - 3 scrolls of teleportation
 k - 2 scrolls of amnesia
 m - 2 scrolls of fog
 p - a scroll of immolation
 r - a scroll of fear
 t - 2 scrolls of blinking
 x - a scroll of identify
 y - a scroll of remove curse
Potions
 l - a potion of cure mutation
 n - 4 potions of ambrosia
 q - 3 potions of might
 z - 2 potions of agility
 C - 2 potions of brilliance
 D - 2 potions of haste
 E - 3 potions of curing
 H - a potion of flight
 I - a potion of beneficial mutation {unknown}
Books
 u - a book of Changes

   Spells                             Type                      Level
   a - Beastly Appendage              Transmutation                1
   b - Sticks to Snakes               Transmutation                2
   c - Spider Form                    Transmutation/Poison         3
   d - Ice Form                       Ice/Transmutation            4
   e - Blade Hands                    Transmutation                5
Comestibles
 g - 6 bread rations
 s - 7 fruits
 A - 3 slices of pizza


   Skills:
 - Level 1.6 Fighting
 - Level 2.2 Throwing
 * Level 15.1 Dodging
 + Level 14.1 Stealth


You had 7 spell levels left.
You knew the following spells:

 Your Spells              Type           Power        Failure   Level  Hunger
a - Beastly Appendage     Trmt           #.....       28%         1    ##.....


Dungeon Overview and Level Annotations

Branches:
Dungeon (9/15)             Temple (0/1) D:7
   Lair: D:8-11         Orc: D:9-12

Altars:
Ashenzari
Cheibriados
Dithmenos
Fedhas
Gozag
Xom
Zin

Annotations:
D:4 Sigmund
D:7 tijit's ghost, experienced HuGl


Innate Abilities, Weirdness & Mutations

You are tiny and cannot use many weapons and most armour.
You have supernaturally acute eyesight.
You are a herbivore.
You cover ground extremely quickly.
You need consume almost no food.
You have a pair of small horns on your head.
You are robust (+10% HP).
You heal slowly when monsters are visible.


Message History

You climb downwards.
There is a stone staircase leading up here.
You hit the slime creature.
The slime creature is lightly wounded.
You block the slime creature's attack.
You hit the slime creature.
The slime creature is lightly wounded.
The slime creature completely misses you. x2
You barely miss the slime creature.
The slime creature completely misses you.
Your shield prevents you from hitting the slime creature.
The slime creature hits you!
You hit the slime creature. You headbutt the slime creature.
The slime creature is lightly wounded.
The slime creature hits you!!
* * * LOW HITPOINT WARNING * * *
You hit the slime creature.
The slime creature is lightly wounded.
The slime creature hits you!
You die...

# .# # .#.#
...
#.#######.#
##...<....#
#.....@.###
...######J#
# #J## #J.#
##.# #.##
#.†# ##.##
#..#


You could see a slime creature and 2 oozes.

Vanquished Creatures
  Joseph (D:7)
  Prince Ribbit (D:7)
  2 hippogriffs (D:7)
  A water moccasin (D:9)
  3 necrophages (D:8)
  2 ogres
  An orc warrior (D:7)
  A phantom (D:6)
  2 centaurs
  A crocodile (D:7)
  7 giant frogs
  Blork the orc (D:6)
  A big kobold (D:8)
  A wyvern zombie (D:8)
  A giant frog zombie (D:5)
  3 crimson imps
  6 orc priests
  A centaur zombie (D:8)
  4 jellies
  13 orc wizards
  A giant frog skeleton (D:6)
  3 hounds
  2 iguanas
  4 worker ants
  A killer bee zombie (D:8)
  A hound skeleton (D:6)
  A hound zombie (D:8)
  3 mummies (Ossuary)
  4 gnolls (D:3)
  8 adders
  2 shadow imps
  3 oozes
  An adder skeleton (D:4)
  3 worms
  5 giant geckos
  28 orcs
  7 ball pythons
  4 bat skeletons
  2 giant cockroaches
  4 gnoll zombies (Ossuary)
  17 goblins
  18 hobgoblins
  A jackal (D:5)
  11 kobolds
  2 quokkas
  10 bats
  A giant gecko skeleton (D:6)
  3 giant newts
  5 gnoll skeletons (Ossuary)
  A goblin skeleton (Ossuary)
  2 goblin zombies (Ossuary)
  4 hobgoblin skeletons (Ossuary)
  2 hobgoblin zombies (Ossuary)
  A jackal skeleton (D:5)
  2 kobold skeletons (Ossuary)
  2 kobold zombies (Ossuary)
  3 orc zombies (Ossuary)
  14 rats
  A rat skeleton (Ossuary)
  2 rat zombies (Ossuary)
242 creatures vanquished.

Vanquished Creatures (others)
  Menkaure (Ossuary)
  A gnoll zombie (Ossuary)
  2 goblin skeletons (Ossuary)
  3 goblin zombies (Ossuary)
  3 hobgoblin skeletons (Ossuary)
  2 hobgoblin zombies (Ossuary)
  5 kobold skeletons (Ossuary)
  2 kobold zombies (Ossuary)
  An orc skeleton (Ossuary)
  A rat skeleton (Ossuary)
  2 rat zombies (Ossuary)
  A bush (D:8)
  2 fungi (D:9)
  4 plants (D:8)
30 creatures vanquished.

Grand Total: 272 creatures vanquished

Notes
Turn   | Place    | Note
--------------------------------------------------------------
     0 | D:1      | AnnoyedKobold the Spriggan Assassin began the quest for the Orb.
     0 | D:1      | Reached XP level 1. HP: 10/10 MP: 2/2
   106 | D:1      | Reached skill level 6 in Stealth
   370 | D:1      | Reached XP level 2. HP: 14/14 MP: 3/3
  1446 | D:2      | Reached skill level 7 in Stealth
  1472 | D:2      | Reached XP level 3. HP: 18/18 MP: 4/4
  1636 | D:2      | Found an opulent altar of Gozag.
  1815 | D:2      | Reached XP level 4. HP: 18/22 MP: 5/5
  1898 | D:2      | Found a shattered altar of Ashenzari.
  2522 | D:3      | Reached skill level 8 in Stealth
  2626 | D:3      | Reached XP level 5. HP: 25/25 MP: 6/6
  2986 | D:3      | Reached skill level 5 in Dodging
  3259 | D:3      | Found a snail-covered altar of Cheibriados.
  4492 | D:4      | Reached skill level 9 in Stealth
  4745 | D:4      | Reached XP level 6. HP: 30/30 MP: 7/7
  4827 | D:4      | Noticed a phantom
  4828 | D:4      | Noticed Sigmund
  5334 | D:5      | Entered Level 5 of the Dungeon
  6026 | D:5      | Reached skill level 10 in Stealth
  6296 | D:5      | Reached XP level 7. HP: 33/33 MP: 8/8
  7181 | D:5      | Found Zin's Purification Station.
  7181 | D:5      | Found a glowing silver altar of Zin.
  7187 | D:5      | Bought a potion of curing for 90 gold pieces
  8184 | D:6      | Found a shadowy altar of Dithmenos.
  8187 | D:6      | Reached skill level 11 in Stealth
  8187 | D:6      | Reached XP level 8. HP: 37/37 MP: 9/9
  8200 | D:6      | Became a worshipper of Dithmenos the Shadowed
  8246 | D:6      | Reached skill level 10 in Dodging
  8832 | D:6      | Noticed Blork the orc
  8836 | D:6      | Killed Blork the orc
  9642 | D:7      | Reached skill level 12 in Stealth
  9661 | D:7      | Found a staircase to the Ecumenical Temple.
  9678 | D:7      | Found a sand-covered staircase.
  9694 | Ossuary  | Entered an ossuary
  9915 | Ossuary  | Killed Menkaure
 10097 | Ossuary  | Learned a level 1 spell: Beastly Appendage
 10499 | D:7      | Gained mutation: You have a pair of small horns on your head. [potion of mutation]
 10499 | D:7      | Gained mutation: You are robust (+10% HP). [potion of mutation]
 10499 | D:7      | Gained mutation: You heal slowly when monsters are visible. [potion of mutation]
 10506 | D:7      | Noticed Joseph
 10515 | D:7      | Killed Joseph
 10515 | D:7      | Reached XP level 9. HP: 26/46 MP: 10/10
 10803 | D:7      | Reached skill level 13 in Dodging
 10924 | D:7      | Noticed Prince Ribbit
 10927 | D:7      | Killed Prince Ribbit
 10936 | D:7      | Acquired Dithmenos's first power
 11076 | D:7      | Noticed tijit's ghost (experienced HuGl)
 11099 | D:7      | Noticed an unseen horror
 11112 | D:8      | Found a shimmering altar of Xom.
 11112 | D:8      | Found a shimmering altar of Xom.
 11112 | D:8      | Found a shimmering altar of Xom.
 11112 | D:8      | Found a shimmering altar of Xom.
 11112 | D:8      | Found a shimmering altar of Xom.
 11112 | D:8      | Found a shimmering altar of Xom.
 11175 | D:8      | Reached skill level 14 in Dodging
 11943 | D:8      | Found a blossoming altar of Fedhas.
 12519 | D:8      | Reached skill level 15 in Dodging
 12698 | D:9      | Mangled by a slime creature

Vault maps used:
D:1:      dpeg_arrival_solitude
D:2:      ashenzari_altar_1, nicolae_gozag_cash_rules_everything_around_me
D:3:      lemuel_upstairs_altar, old_standard_altar, first_bread, hex_large
D:4:      uniq_sigmund
D:5:      zin_purify
D:6:      minmay_flawed_box, grunt_dithmenos_shadows, uniq_blork_the_orc
D:7:      temple_green, nicolae_ossuary_entry_monument, uniq_prince_ribbit1,
          uniq_joseph
D:8:      fedhas_altar_decomposition, xom_shifter_show
D:9:      lemuel_slime, nicolae_qazlal_eye_of_the_storm, serial_shops, shop,
          kennysheep_mini, shop
Ossuary:  ossuary_due_pyramid

Action                   |  1- 3 |  4- 6 |  7- 9 || total
-------------------------+-------+-------+-------++-------
Melee: Dagger            |    81 |   254 |   576 ||   911
 Fire: Blowgun           |    12 |    56 |    42 ||   110
 Cast: Beastly Appendage |       |       |     1 ||     1
  Use: Scroll            |     4 |     4 |    11 ||    19
       Potion            |     1 |     1 |     8 ||    10
 Stab: Sleeping          |    13 |    16 |    36 ||    65
       Distracted        |       |     3 |     3 ||     6
  Eat: Fruit             |       |     2 |       ||     2
       Pizza             |       |     1 |       ||     1
       Bread ration      |       |       |     1 ||     1
